 Dungeon Crawl Stone Soup version 0.19.1-1-g22dce08 (webtiles) character file.

116 theAP the Stinger (level 4, -3/33 HPs)
             Began as a Demonspawn Venom Mage on Jan 6, 2017.
             Slain by Grinder (4 damage)
             ... while paralysed by Grinder
             ... on level 3 of the Dungeon.
             The game lasted 00:20:21 (2594 turns).

theAP the Stinger (Demonspawn Venom Mage)           Turns: 2594, Time: 00:20:22

Health: -3/33      AC:  4    Str:  9    XL:     4   Next: 69%
Magic:  8/8        EV:  2    Int: 17    God:
Gold:   120        SH:  0    Dex: 15    Spells: 2 memorised, 4 levels left

rFire  . . .     SeeInvis +     d - +3 whip
rCold  . . .     Gourm    .     n - +1 leather armour {rPois}
rNeg   . . .     Faith    .     (no shield)
rPois  +         Spirit   .     (no helmet)
rElec  .         Reflect  .     (no cloak)
rCorr  +         Harm     .     (no gloves)
MR     .....                    (no boots)
Stlth  ++........               (no amulet)
                                m - ring of resist corrosion
                                j - ring of see invisible

@: paralysed
A: thin skeletal structure 1, rot immunity
a: no special abilities


You were on level 3 of the Dungeon.
You were not hungry.

You visited 1 branch of the dungeon, and saw 3 of its levels.

You collected 120 gold pieces.

Inventory:

Hand Weapons
 d - a +3 whip (weapon)
Armour
 a - a +0 robe
 n - a +1 leather armour of poison resistance (worn)
Jewellery
 j - a ring of see invisible (left hand)
 m - a ring of resist corrosion (right hand)
Wands
 o - a wand of paralysis (6/24)
 r - a wand of iceblast (0/15)
Scrolls
 e - a scroll of amnesia
 g - 2 scrolls of identify
 i - 2 scrolls of teleportation {unknown}
 k - a scroll of fog
 l - a scroll of fear
 p - 3 scrolls of remove curse
Potions
 h - a potion of brilliance
Books
 b - a Young Poisoner's Handbook

   Spells                             Type                      Level
   a - Sting                          Conjuration/Poison           1
   b - Mephitic Cloud                 Conjuration/Poison/Air       3
   c - Olgreb's Toxic Radiance        Poison                       4
   d - Alistair's Intoxication        Transmutation/Poison         5
   e - Venom Bolt                     Conjuration/Poison           5
Comestibles
 c - a bread ration
 f - 2 beef jerkies
 q - a chunk of flesh


   Skills:
 + Level 2.1 Fighting
 + Level 1.4 Maces & Flails
 - Level 1.7 Dodging
 - Level 1.7 Stealth
 + Level 2.6 Spellcasting
 * Level 4.8 Poison Magic


You had 4 spell levels left.
You knew the following spells:

 Your Spells              Type           Power        Failure   Level  Hunger
a - Sting                 Conj/Pois      ##..         12%         1    #......
b - Mephitic Cloud        Conj/Pois/Air  #.......     43%         3    ###....


Dungeon Overview and Level Annotations

Branches:
Dungeon (3/15)

Altars:
Ashenzari
Cheibriados
Okawaru
Qazlal
Yredelemnul

Annotations:
D:3 Grinder


Innate Abilities, Weirdness & Mutations

You have a somewhat thin skeletal structure. (Dex +2, Stealth)
You are immune to rotting.


Message History

Press: ? - help, Shift-Dir - straight line, f/p - Grinder
Aim: Grinder (heavily wounded)
The mass of ice explodes!
The iceblast engulfs Grinder.
Grinder partially resists.
Grinder is severely wounded.
Evoking this partially-identified wand wasted a few charges.
Evoke which item? (* to show all) (? for menu, Esc to quit)
Zapping:
r - a wand of iceblast {zapped: 9} (will waste charges)
Press: ? - help, Shift-Dir - straight line, f/p - Grinder
Aim: Grinder (severely wounded) Nothing appears to happen.
Grinder gestures at you.
You suddenly lose the ability to move!
Grinder hits you.
You writhe in agony.
Grinder hits you. Grinder hits you.
You writhe in agony.
Grinder hits you!
* * * LOW HITPOINT WARNING * * *
You writhe in agony.
You die...

...###....#..##
#.##.#.# ##.##)
...##.....#.## #.##...#
#.##. ...÷..##....##
>##.#.. #....
...#####..#..# .##.###
##... ..........##.# ..
#..#
...###....##.###++###..
#.##
######...###.#≈≈..≈≈
...##
............##≈##.#
##....
.###....###..'.5@.#
##.## ........#
##.'†#.⌠..+ #.#
........# ##.#≈#.##≈#
#.## ........###..#≈≈..
# ##...
.........#..####++#
######....
###........###.#
..........
#...####.......#
######...' ..###
##.....(# #..## ###
#[.....# #.⌠#.


You could see Grinder.

Vanquished Creatures
  Natasha (D:3)
  2 adders (D:3)
  An ooze (D:3)
  A worm (D:2)
  2 dart slugs (D:1)
  2 leopard geckos
  An orc (D:3)
  6 goblins
  6 hobgoblins
  4 jackals (D:3)
  6 kobolds
  2 quokkas
  A ball python (D:3)
  8 bats
  8 frilled lizards
  5 rats
56 creatures vanquished.

Notes
Turn   | Place    | Note
-------+----------+-------------------------------------------
     0 | D:1      | theAP the Demonspawn Venom Mage began the quest for the Orb.
     0 | D:1      | Reached XP level 1. HP: 13/13 MP: 3/3
   214 | D:1      | Found a shattered altar of Ashenzari.
   285 | D:1      | Gained mutation: You have a somewhat thin skeletal structure. (Dex +2, Stealth) [demonic ancestry]
   285 | D:1      | Reached XP level 2. HP: 20/20 MP: 1/5
   672 | D:1      | Reached skill level 1 in Fighting
  1028 | D:2      | Gained mutation: You are immune to rotting. [demonic ancestry]
  1028 | D:2      | Reached XP level 3. HP: 26/26 MP: 3/6
  1115 | D:2      | Learned a level 3 spell: Mephitic Cloud
  1207 | D:2      | Reached skill level 1 in Maces & Flails
  1751 | D:3      | Reached XP level 4. HP: 33/33 MP: 3/7
  2129 | D:3      | Found a basalt altar of Yredelemnul.
  2218 | D:3      | Found a shattered altar of Ashenzari.
  2237 | D:3      | Found a snail-covered altar of Cheibriados.
  2262 | D:3      | Found a stormy altar of Qazlal.
  2302 | D:3      | Noticed Grinder
  2315 | D:3      | Found an iron altar of Okawaru.
  2426 | D:3      | Noticed Natasha
  2432 | D:3      | Killed Natasha
  2577 | D:3      | Paralysed by Grinder for 2 turns
  2588 | D:3      | Paralysed by Grinder for 7 turns
  2594 | D:3      | HP: 1/33 [Grinder (9)]
  2594 | D:3      | Slain by Grinder

Skill      XL: |  1  2  3  4 |
---------------+-------------+-----
Fighting       | 1 2 |  2.1
Maces & Flails | 1 |  1.4
Dodging        | |  1.7
Stealth        | |  1.7
Spellcasting   | |  2.6
Poison Magic   | |  4.8

Action                   |  1- 3 |  4- 6 || total
-------------------------+-------+-------++-------
Melee: Whip              |    46 |    12 ||    58
 Cast: Sting             |    68 |    33 ||   101
Evoke: Wand              |       |     5 ||     5
  Use: Scroll            |    10 |     2 ||    12
       Potion            |       |     1 ||     1
  Eat: Chunk             |     2 |     3 ||     5
       Pizza             |     1 |       ||     1
Armor: Robe              |     2 |       ||     2
       Leather armour    |    18 |       ||    18
Dodge: Dodged            |    50 |    13 ||    63
